 Dungeon Crawl Stone Soup version 0.22-a0-782-g038298e (webtiles) character file.

254 Kuinu the Firebug (level 5, -4/40 HPs)
             Began as a Draconian Fire Elementalist on July 20, 2018.
             Slain by Grinder (5 damage)
             ... while paralysed by Grinder
             ... on level 3 of the Dungeon.
             The game lasted 00:13:36 (3943 turns).

Kuinu the Firebug (Draconian Fire Elementalist)     Turns: 3943, Time: 00:13:36

Health: -4/40      AC:  5    Str:  9 (11) XL:     5   Next: 90%
Magic:  0/9        EV:  2    Int: 14 (16) God:
Gold:   74         SH:  0    Dex: 13      Spells: 3/9 levels left

rFire    . . .     SeeInvis .   o - +4 whip
rCold    . . .     Gourm    .   (no shield)
rNeg     . . .     Faith    .   (armour unavailable)
rPois    .         Spirit   +   (helmet restricted)
rElec    .         Reflect  .   (no cloak)
rCorr    .         Harm     .   (no gloves)
MR       .....     Rnd*Rage +   (no boots)
Stlth    ++........             h - amulet of guardian spirit
HPRegen  0.13/turn              d - +1 ring of evasion
MPRegen  0.11/turn              (no ring)

@: paralysed
A: unfitting armour, antennae 1, agile 1, berserk 1, cold-blooded, AC +5
a: no special abilities


You were on level 3 of the Dungeon.
You were not hungry.

You visited 1 branch of the dungeon, and saw 4 of its levels.

You collected 74 gold pieces.

Inventory:

Hand Weapons
 f - a +0 dagger
 o - a +4 whip (weapon)
Jewellery
 d - a +1 ring of evasion (left hand)
 h - an amulet of guardian spirit (around neck)
Scrolls
 b - a scroll of enchant weapon {unknown}
 c - a scroll of remove curse {unknown}
 g - a scroll of noise {unknown}
 i - a scroll of identify {unknown}
 l - a scroll of random uselessness {unknown}
 m - a scroll of amnesia {unknown}
 n - 4 scrolls of enchant armour {unknown}
Potions
 a - a potion of curing
 e - 2 potions of degeneration
 j - a potion of mutation
Comestibles
 k - a chunk of flesh


   Skills:
 - Level 1.4 Fighting
 - Level 1.7 Short Blades
 + Level 2.7 Dodging
 + Level 2.1 Stealth
 - Level 0.2 Unarmed Combat
 * Level 2.7 Spellcasting
 * Level 2.3 Conjurations
 * Level 4.3 Fire Magic


You had 3 spell levels left.
You knew the following spells:

 Your Spells              Type           Power        Failure   Level  Hunger
a - Flame Tongue          Conj/Fire      ##...        5%          1    #......
b - Throw Flame           Conj/Fire      ##....       9%          2    ###....
c - Conjure Flame         Conj/Fire      ##......     17%         3    ###....

Your spell library contained the following spells:

 Spells                   Type           Power        Failure   Level  Hunger
 Fireball                 Conj/Fire      ##........   83%         5    ######.
 Sticky Flame             Conj/Fire      ##......     50%         4    #####..
 Inner Flame              Hex/Fire       #.......     26%         3    ###....


Dungeon Overview and Level Annotations

Branches:
Dungeon (4/15)
 Temple: D:4-7

Altars:
Dithmenos
Nemelex Xobeh

Annotations:
D:3 Grinder
D:4 Sigmund


Innate Abilities, Weirdness & Mutations

Your plain brown scales are hard. (AC +5)
You cannot fit into any form of body armour.
You are cold-blooded and may be slowed by cold attacks.
You have a pair of small antennae on your head.
You are agile. (Dex +2)
You tend to lose your temper in combat.


Message History

The gnoll hits you but does no damage. The gnoll closely misses you.
Things that are here:
a short sword; a giant cockroach corpse The gnoll hits you but does no damage.
You see here a stone.
The gnoll hits you with a spear!
* * * LOW HITPOINT WARNING * * *
Grinder says, "Don't move a muscle."
Grinder gestures at you.
You suddenly lose the ability to move!
The gnoll hits you but does no damage. x2
Grinder gestures at you.
You shrug off the repeated paralysis!
The gnoll hits you with a spear.
* * * LOW HITPOINT WARNING * * *
The gnoll hits you with a spear!
* * * LOW HITPOINT WARNING * * *
Grinder hits you.
You die...

#...##)......#
#...##.......#
#...##.......#
#...##########
#...##########
#............#
##...........# ..#
##...........###...#
#.........@5(.......
#...#######g........
#...#...............
#...#....(..#######.
#####...(...#
#.......# #.......#
#.......# #.......#


You could see Grinder and a gnoll.

Vanquished Creatures
  A hound (D:4)
  A worker ant (D:2)
  Robin (D:2)
  2 gnolls (D:3)
  10 adders
  A worm (D:2)
  4 dart slugs (D:1)
  4 leopard geckos
  3 ball pythons
  3 giant cockroaches
  6 goblins
  14 hobgoblins
  5 kobolds
  6 bats
  6 frilled lizards (D:1)
  5 rats
72 creatures vanquished.

Notes
Turn   | Place    | Note
-------+----------+-------------------------------------------
     0 | D:1      | Kuinu the Draconian Fire Elementalist began the quest for the Orb.
     0 | D:1      | Reached XP level 1. HP: 14/14 MP: 3/3
   148 | D:1      | Reached XP level 2. HP: 18/20 MP: 3/5
   160 | D:1      | Learned a level 2 spell: Throw Flame
   421 | D:1      | Reached XP level 3. HP: 8/26 MP: 3/6
  1164 | D:2      | Found a sparkling altar of Nemelex Xobeh.
  1199 | D:2      | Reached skill level 1 in Fighting
  1199 | D:2      | Reached skill level 1 in Short Blades
  1199 | D:2      | Reached XP level 4. HP: 16/35 MP: 4/7
  1532 | D:2      | Learned a level 3 spell: Conjure Flame
  2399 | D:2      | Reached skill level 4 in Fire Magic
  2606 | D:2      | Noticed Robin
  2663 | D:2      | Reached XP level 5. HP: 7/40 MP: 2/8
  2702 | D:2      | Gained mutation: You have a pair of small antennae on your head. [potion of mutation]
  2702 | D:2      | Gained mutation: You tend to lose your temper in combat. [potion of mutation]
  2702 | D:2      | Gained mutation: You are agile. (Dex +2) [potion of mutation]
  2727 | D:2      | Killed Robin
  3149 | D:3      | Noticed Grinder
  3152 | D:3      | Paralysed by Grinder for 6 turns
  3165 | D:3      | Paralysed by Grinder for 2 turns
  3249 | D:4      | Found a shadowy altar of Dithmenos.
  3432 | D:4      | Noticed Sigmund
  3843 | D:3      | Found a faded altar of an unknown god.
  3939 | D:3      | Paralysed by Grinder for 7 turns
  3943 | D:3      | HP: 1/40 [gnoll/spear (6)]
  3943 | D:3      | Slain by Grinder

Vault maps used:
D:1:      dpeg_arrival_chase
D:2:      nemelex_xobeh_ov_fountains_minmay, uniq_robin
D:3:      chequers_ecumenical_altar_simple, uniq_grinder
D:4:      first_ration, grunt_dithmenos_smoke, uniq_sigmund

Skill      XL: |  1  2  3  4  5 |
---------------+----------------+-----
Dodging        | 2 |  2.7
Fighting       | 1 |  1.4
Short Blades   | 1 |  1.7
Fire Magic     | 4 |  4.3
Stealth        | 2 |  2.1
Conjurations   | 2 |  2.3
Unarmed Combat | |  0.2
Spellcasting   | |  2.7

Action                   |  1- 3 |  4- 6 || total
-------------------------+-------+-------++-------
Melee: Unarmed           |    21 |       ||    21
       Tailslap          |    15 |     8 ||    23
       Dagger            |   129 |   105 ||   234
       Whip              |       |    18 ||    18
 Cast: Flame Tongue      |    29 |    23 ||    52
       Throw Flame       |     4 |    27 ||    31
       Conjure Flame     |       |     2 ||     2
  Use: Potion            |       |     5 ||     5
  Eat: Chunk             |     2 |     3 ||     5
       Ration            |       |     3 ||     3
Armor: Skin              |    54 |    37 ||    91
Dodge: Dodged            |   130 |   103 ||   233

Table legend:
 A = Spawn XP
 B = Non-spawn XP
 C = Spawn XP percentage of total XP
 D = Spawn monster count
 E = Non-spawn monster count
 F = Spawn count percentage of total count
 G = Total turns spent on level
                    A         B        C        D         E        F      G
               +---------+---------+-------+---------+---------+-------+---------
         Total |       0 |     363 |   0.0 |       0 |      72 |   0.0 |  3943
               +---------+---------+-------+---------+---------+-------+---------
           D:1 |       0 |      56 |   0.0 |       0 |      30 |   0.0 |   964
           D:2 |       0 |     156 |   0.0 |       0 |      28 |   0.0 |  2127
           D:3 |       0 |      62 |   0.0 |       0 |       8 |   0.0 |   578
           D:4 |       0 |      89 |   0.0 |       0 |       6 |   0.0 |   274
               +---------+---------+-------+---------+---------+-------+---------
